[Event "Titled Tuesday Blitz January 10 Early 2023"]
[White "Dilmukhametov, Artur"]
[Black "Guz, Ari"]
[WhiteFideId "24179922"]
[BlackFideId "2825759"]
[WhiteElo "2276"]
[BlackElo "2324"]
[Result "0-1"]
[Round "01"]
[TimeControl "180+2"]
[Date "2023.01.10"]
[WhiteClock "0:00:07"]
[BlackClock "0:00:29"]

1. d4 f5 2. Nc3 Nf6 3. Bf4 e6 4. Nf3 Be7 5. e3 O-O 6. Bd3 b6 7. Ne5 Bb7 8. O-O Kh8 9. Qe2 Ne4 10. Nxe4 fxe4 11. Bc4 d6 12. Ng4 Bd5 13. Bxd5 exd5 14. f3 Nd7 15. fxe4 dxe4 16. c4 c6 17. Qc2 d5 18. cxd5 cxd5 19. Rac1 Nf6 20. Nxf6 Bxf6 21. Qb3 Qd7 22. Rc7 Qe6 23. Rfc1 h5 24. R7c6 Qf5 25. Rd6 Rad8 26. Rf1 Be7 27. Rxd8 Bxd8 28. h4 Bxh4 29. Qb5 Kh7 30. Bd6 Qxf1+ 31. Qxf1 Rxf1+ 32. Kxf1 b5 33. Ke2 Kg6 34. Bc5 a6 35. b3 Kf5 36. Bf8 g6 37. Bg7 Bf6 38. Bf8 Kg4 39. Bc5 Bg5 40. Bd6 h4 41. Bc7 h3 42. gxh3+ Kxh3 43. Kf2 Bh4+ 44. Kg1 g5 45. Bd6 g4 46. Be5 Bg5 47. Kf2 g3+ 48. Bxg3 Bxe3+ 49. Kxe3 Kxg3 50. a3 a5 51. b4 a4 52. Ke2 Kf4 53. Kf2 e3+ 54. Ke2 Ke4 55. Ke1 Kxd4 56. Ke2 Ke4 57. Ke1 d4 58. Ke2 d3+ 0-1


[Site "https://www.chess.com"]

[Event "Titled Tuesday Blitz January 10 Early 2023"]
[White "Piesik, Piotr"]
[Black "Ankerst, Mihael"]
[WhiteFideId "1136194"]
[BlackFideId "14602369"]
[WhiteElo "2426"]
[BlackElo "2370"]
[Result "1-0"]
[Round "01"]
[TimeControl "180+2"]
[Date "2023.01.10"]
[WhiteClock "0:01:26"]
[BlackClock "0:00:08"]

1. Nf3 Nf6 2. g3 g6 3. Bg2 Bg7 4. O-O O-O 5. d4 d6 6. Nbd2 Nbd7 7. e4 e5 8. dxe5 dxe5 9. Qe2 b6 10. a4 a5 11. Rd1 Ba6 12. Qe1 Qe7 13. Bf1 Bxf1 14. Nxf1 Rad8 15. Bg5 Nc5 16. N3d2 Ne6 17. Bxf6 Bxf6 18. Ne3 Rd7 19. Nd5 Qd8 20. Nb3 Bg5 21. h4 Be7 22. Rd3 c6 23. Nxe7+ Qxe7 24. Rxd7 Qxd7 25. Rd1 Qc7 26. Qc3 c5 27. Rd5 Nd4 28. Nc1 Rd8 29. Rxd8+ Qxd8 30. Qd3 Qf6 31. Kg2 Qc6 32. c3 c4 33. Qe3 Nb3 34. Ne2 Nc5 35. f3 Nxa4 36. Qd2 Kg7 37. h5 h6 38. hxg6 Kxg6 39. g4 Nc5 40. Ng3 Ne6 41. Nf5 Nf4+ 42. Qxf4 exf4 43. Ne7+ Kf6 44. Nxc6 Ke6 45. Kf2 Kd6 46. Nd4 1-0


[Site "https://www.chess.com"]

[Event "Titled Tuesday Blitz January 10 Early 2023"]
[White "Broca Jimenez, Fernando"]
[Black "Blanco Ronquillo, Humberto L."]
[WhiteFideId "5104742"]
[BlackFideId "3504239"]
[WhiteElo "2075"]
[BlackElo "2442"]
[Result "0-1"]
[Round "01"]
[TimeControl "180+2"]
[Date "2023.01.10"]
[WhiteClock "0:00:06"]
[BlackClock "0:01:52"]

1. e4 c5 2. c3 d5 3. exd5 Qxd5 4. d4 Nc6 5. Nf3 Bg4 6. Be2 cxd4 7. cxd4 e6 8. Nc3 Qd6 9. d5 exd5 10. Qxd5 Qxd5 11. Nxd5 O-O-O 12. Nc3 Bb4 13. Bd2 Nf6 14. O-O-O Rhe8 15. Rhe1 Bc5 16. h3 Bh5 17. g4 Bg6 18. Bb5 Bxf2 19. Rxe8 Rxe8 20. Bxc6 bxc6 21. Bf4 Be3+ 22. Bxe3 Rxe3 23. Nd4 Kc7 0-1


[Site "https://www.chess.com"]

[Event "Titled Tuesday Blitz January 10 Early 2023"]
[White "Klose, Eli"]
[Black "Aspire_ie"]
[WhiteFideId "16242955"]
[WhiteElo "1519"]
[BlackElo "2307"]
[Result "1-0"]
[Round "01"]
[TimeControl "180+2"]
[Date "2023.01.10"]
[WhiteClock "0:00:18"]
[BlackClock "0:00:01"]

1. e4 d6 2. d4 Nf6 3. Nc3 g6 4. Bg5 Bg7 5. e5 Nfd7 6. exd6 cxd6 7. Qd2 h6 8. Be3 Nf6 9. h3 Nc6 10. Nf3 Bd7 11. Bd3 Qa5 12. O-O g5 13. Ne4 Qxd2 14. Nexd2 Nd5 15. c3 O-O 16. Rae1 Nxe3 17. fxe3 f5 18. e4 f4 19. e5 dxe5 20. dxe5 Be6 21. Bc4 Bxc4 22. Nxc4 Rad8 23. a4 Rd5 24. Re4 Rfd8 25. Rfe1 Kf7 26. e6+ Kg6 27. Kf2 Bf6 28. R1e2 Kf5 29. g4+ fxg3+ 30. Kxg3 h5 31. Re1 Rd3 32. Kg2 g4 33. hxg4+ hxg4 34. Nh2 Rg8 35. R4e3 Rxe3 36. Nxe3+ Kf4 37. Nhxg4 Rxg4+ 38. Nxg4 Kxg4 39. Rd1 Ne5 40. Rd8 Kf5 41. Rb8 b6 42. Rb7 Kxe6 43. Rxa7 Kd5 44. Kf2 Nc4 45. b3 Nd2 46. c4+ Kc6 47. Ke2 Nxb3 48. Kd3 Nc5+ 49. Kc2 e5 50. Rh7 e4 51. Rh6 Nd7 52. Kd1 Kc5 53. Rh7 Ne5 54. Rh6 Bg5 55. Rh5 Bf4 56. Rf5 Bg3 57. Rg5 Bh2 58. Rh5 Bf4 59. Rh4 Nd3 60. a5 1-0


[Site "https://www.chess.com"]

[Event "Titled Tuesday Blitz January 10 Early 2023"]
[White "Lopez Del Alamo, Antonio"]
[Black "Osmak, Yuliia"]
[WhiteFideId "2227339"]
[BlackFideId "14101602"]
[WhiteElo "2280"]
[BlackElo "2440"]
[Result "0-1"]
[Round "01"]
[TimeControl "180+2"]
[Date "2023.01.10"]
[WhiteClock "0:00:02"]
[BlackClock "0:00:06"]

1. e4 c6 2. d4 d5 3. exd5 cxd5 4. Bd3 Nc6 5. c3 Nf6 6. Ne2 Bg4 7. O-O e6 8. Bf4 Bd6 9. Bxd6 Qxd6 10. Nd2 O-O 11. Qb3 Na5 12. Qa4 b6 13. Ng3 Nh5 14. Rae1 Nxg3 15. fxg3 Rac8 16. Re5 f6 17. Re3 Bh5 18. Qc2 h6 19. Bg6 Bxg6 20. Qxg6 Qd7 21. g4 Qf7 22. Qd3 Nc4 23. Nxc4 Rxc4 24. Rfe1 Rc6 25. Qb5 Rfc8 26. h3 Rd6 27. a4 Qe8 28. Qe2 Kf7 29. a5 b5 30. b4 a6 31. g5 hxg5 32. Qh5+ Kg8 33. Qg4 Rcc6 34. h4 gxh4 35. Qxh4 Qg6 36. Rg3 Qf5 37. Rf1 Qe4 38. Qxf6 Qe3+ 39. Rxe3 gxf6 40. Rxf6 Kg7 41. Ref3 Rxc3 42. Rf7+ Kg6 43. Rxc3 Kxf7 44. Kf2 Kf6 45. Ke3 e5 46. dxe5+ Kxe5 47. Rc5 Rg6 48. Kf2 Ke4 49. Rc8 d4 50. Re8+ Kd3 51. Kf3 Kc3 52. Re1 Kxb4 53. g4 Kc3 54. Kf4 d3 55. Rc1+ Kb2 56. Rd1 Kc2 57. Rg1 d2 0-1


[Site "https://www.chess.com"]

[Event "Titled Tuesday Blitz January 10 Early 2023"]
[White "Sourath Biswas"]
[Black "Foerster-Yialamas, Lucas"]
[WhiteFideId "35091484"]
[BlackFideId "30901774"]
[WhiteElo "2281"]
[BlackElo "2151"]
[Result "0-1"]
[Round "01"]
[TimeControl "180+2"]
[Date "2023.01.10"]
[WhiteClock "0:00:08"]
[BlackClock "0:00:14"]

1. d4 Nf6 2. Bf4 g6 3. Nc3 d5 4. e3 Bg7 5. h4 b6 6. h5 Nxh5 7. Rxh5 gxh5 8. Qxh5 Bb7 9. Nf3 e6 10. Ng5 Qe7 11. Nb5 Na6 12. Bxc7 Nxc7 13. Nxc7+ Qxc7 14. Nxe6 Qxc2 15. Nxg7+ Kf8 16. Nf5 h6 17. Nd6 Rh7 18. Nxb7 Qxb2 19. Rd1 Qc3+ 20. Rd2 Qc1+ 21. Ke2 Qc6 22. Kf3 Qxb7 23. Bd3 Rg7 24. Qxh6 Qd7 25. Qh5 Re8 26. Bf5 Qd6 27. g4 a5 28. Rc2 a4 29. Qh8+ Rg8 30. Qh7 Rg7 31. Qh4 a3 32. Rc3 b5 33. Rc5 b4 34. Bc2 Qe6 35. Qh8+ Rg8 36. Qh5 Qf6+ 37. Qf5 Qxf5+ 38. gxf5 Ke7 39. Bb3 Rd8 40. Bxd5 Rxd5 41. Rxd5 b3 42. Ra5 b2 43. Rb5 Kd7 44. Ke2 Kc7 45. Rb3 Rb8 46. Rc3+ Kd6 47. Rxa3 b1=Q 48. Ra6+ Kd5 49. Ra5+ Kd6 50. Ra7 Qb2+ 51. Kf3 Rb7 52. Ra6+ Ke7 53. f6+ Kd7 54. Ra8 Qb6 55. Ke2 Qxf6 56. Ra5 Rb2+ 57. Kd3 Qg6+ 58. Kc4 Qc6+ 59. Kd3 Qc2# 0-1


[Site "https://www.chess.com"]

[Event "Titled Tuesday Blitz January 10 Early 2023"]
[White "Zanette, Edgard Vinicius"]
[Black "Djokovic, Nebojsa"]
[WhiteFideId "2109263"]
[BlackFideId "938300"]
[WhiteElo "2085"]
[BlackElo "2119"]
[Result "0-1"]
[Round "01"]
[TimeControl "180+2"]
[Date "2023.01.10"]
[WhiteClock "0:00:53"]
[BlackClock "0:01:27"]

1. e4 e6 2. d4 d5 3. Nd2 c5 4. exd5 Qxd5 5. Ngf3 cxd4 6. Bc4 Qd8 7. Nb3 Nc6 8. Nbxd4 Nxd4 9. Qxd4 Qxd4 10. Nxd4 a6 11. O-O Nf6 12. a4 Bd7 13. a5 Rc8 14. Bb3 Bc5 15. Nf3 Ke7 16. Bg5 h6 17. Bh4 Rhd8 18. Ne5 g5 19. Nxd7 Rxd7 20. Bg3 Ne4 21. Rfd1 f5 22. Rxd7+ Kxd7 23. Rd1+ Ke7 24. Kf1 f4 25. f3 fxg3 26. hxg3 Nxg3+ 27. Ke1 0-1


[Site "https://www.chess.com"]

[Event "Titled Tuesday Blitz January 10 Early 2023"]
[White "Oro, Faustino"]
[Black "Blokhin, Sofia"]
[WhiteFideId "20000197"]
[BlackFideId "4508190"]
[WhiteElo "2269"]
[BlackElo "2062"]
[Result "1-0"]
[Round "01"]
[TimeControl "180+2"]
[Date "2023.01.10"]
[WhiteClock "0:01:06"]
[BlackClock "0:00:20"]

1. e4 c5 2. Nf3 Nc6 3. d4 cxd4 4. Nxd4 Nf6 5. Nc3 e5 6. Ndb5 d6 7. Nd5 Nxd5 8. exd5 Nb8 9. a4 a6 10. Nc3 Be7 11. Be3 O-O 12. Be2 f5 13. f3 Nd7 14. O-O Nf6 15. Bf2 Bd7 16. a5 Be8 17. Na4 Bf7 18. Nb6 Rb8 19. c4 e4 20. Bd4 Bg6 21. b4 Nd7 22. fxe4 fxe4 23. Rxf8+ Bxf8 24. Bg4 Nxb6 25. Be6+ Kh8 26. Bxb6 Qg5 27. Qe2 Be7 28. Rf1 h6 29. Qe3 Qe5 30. Bd4 Bg5 31. Qc3 Be3+ 32. Qxe3 Qh5 33. Qf4 Rd8 34. c5 dxc5 35. bxc5 Qe2 36. Qxh6+ 1-0


[Site "https://www.chess.com"]

[Event "Titled Tuesday Blitz January 10 Early 2023"]
[White "Slovineanu, Viacheslav"]
[Black "Bodnaruk, Anastasia"]
[WhiteFideId "13900510"]
[BlackFideId "4181751"]
[WhiteElo "2412"]
[BlackElo "2350"]
[Result "0-1"]
[Round "01"]
[TimeControl "180+2"]
[Date "2023.01.10"]
[WhiteClock "0:00:04"]
[BlackClock "0:00:48"]

1. e4 c5 2. Nf3 d6 3. d4 cxd4 4. Nxd4 Nf6 5. Nc3 a6 6. f3 e5 7. Nb3 Be7 8. Be3 Be6 9. Qd2 O-O 10. O-O-O b5 11. Kb1 Nbd7 12. g4 b4 13. Nd5 Bxd5 14. exd5 a5 15. h4 Nb6 16. Bxb6 Qxb6 17. h5 a4 18. Nc1 Ra5 19. Bc4 e4 20. g5 e3 21. Qd3 Nd7 22. g6 h6 23. Rhe1 Bg5 24. Qe4 Nc5 25. Qd4 b3 26. cxb3 axb3 27. a3 Ra4 28. f4 Bf6 29. Qc3 Bxc3 0-1


[Site "https://www.chess.com"]

[Event "Titled Tuesday Blitz January 10 Early 2023"]
[White "Yelisieiev, Yevhenii"]
[Black "Luxama, Jacques Muller"]
[WhiteFideId "14139642"]
[BlackFideId "11900113"]
[WhiteElo "2418"]
[BlackElo "1933"]
[Result "1/2-1/2"]
[Round "01"]
[TimeControl "180+2"]
[Date "2023.01.10"]
[WhiteClock "0:00:14"]
[BlackClock "0:00:30"]

1. d4 Nf6 2. Nf3 e6 3. c4 d5 4. Nc3 Bb4 5. Bg5 O-O 6. e3 h6 7. Bh4 dxc4 8. Bxc4 c5 9. O-O cxd4 10. Nxd4 Be7 11. Qf3 Nbd7 12. Bg3 Qa5 13. Bb3 Ne5 14. Qe2 Bd7 15. Ndb5 Nc6 16. Rfd1 Rac8 17. Nd6 Bxd6 18. Rxd6 Rfd8 19. Rad1 Be8 20. h3 Rxd6 21. Rxd6 Rd8 22. Qd2 Rxd6 23. Qxd6 Qd8 24. Nb5 a6 25. Qxd8 Nxd8 26. Nd4 Nc6 27. Nxc6 Bxc6 28. f3 Kf8 29. e4 Ke7 30. Kf2 Nd7 31. Ke3 e5 32. Be1 Nc5 33. Bb4 b6 34. Bc2 f6 35. a4 a5 36. Bxc5+ bxc5 37. b3 Kd6 38. Bd3 Bd7 39. Bc4 g5 40. Kd3 Bc6 41. Kc3 Bb7 42. Bf1 Bc8 43. g3 Bb7 44. h4 Bc8 45. hxg5 hxg5 46. g4 Bb7 47. Be2 Bc8 48. Bb5 Be6 49. Bc4 Bc8 50. Bd5 Ba6 51. Bc4 Bc8 52. Bd3 Be6 53. Bc4 Bc8 1/2-1/2


[Site "https://www.chess.com"]

[Event "Titled Tuesday Blitz January 10 Early 2023"]
[White "Ruiz Aguilar, Pablo Alexander"]
[Black "Msellek, Ilyass"]
[WhiteFideId "4401352"]
[BlackFideId "675938"]
[WhiteElo "2161"]
[BlackElo "2420"]
[Result "0-1"]
[Round "01"]
[TimeControl "180+2"]
[Date "2023.01.10"]
[WhiteClock "0:01:18"]
[BlackClock "0:01:08"]

1. e4 c6 2. d4 d5 3. exd5 cxd5 4. c4 Nf6 5. Nc3 Nc6 6. Bg5 Ne4 7. cxd5 Nxc3 8. bxc3 Qxd5 9. Be3 e5 10. c4 Bb4+ 11. Ke2 Qxc4+ 12. Kf3 Qd5+ 13. Kg3 exd4 14. Bf4 g5 15. Bc7 Kd7 16. Qb3 Qxb3+ 17. axb3 Kxc7 18. Bc4 Bd6+ 19. Kf3 Ne5+ 20. Ke4 Nxc4 21. bxc4 Re8+ 22. Kxd4 Be5+ 0-1


[Site "https://www.chess.com"]

[Event "Titled Tuesday Blitz January 10 Early 2023"]
[White "Guzman, Christopher"]
[Black "Grot, Blazej"]
[WhiteFideId "6405096"]
[BlackFideId "21835845"]
[WhiteElo "2271"]
[BlackElo "1990"]
[Result "1-0"]
[Round "01"]
[TimeControl "180+2"]
[Date "2023.01.10"]
[WhiteClock "0:01:09"]
[BlackClock "0:00:11"]

1. e4 c5 2. Nf3 e6 3. d4 cxd4 4. Nxd4 Nc6 5. Nc3 Qc7 6. g3 a6 7. Bg2 Nf6 8. O-O Nxd4 9. Qxd4 Bc5 10. Bf4 d6 11. Qd3 h6 12. Na4 e5 13. Nxc5 dxc5 14. Bd2 Be6 15. Qc3 O-O 16. a4 b6 17. h3 Rfd8 18. Be3 Rd7 19. f4 Nh5 20. Kh2 exf4 21. gxf4 Re7 22. Rf2 Rae8 23. Raf1 Bc8 24. e5 Bb7 25. Qd3 Bxg2 26. Rxg2 Qd7 27. Qe2 Qf5 28. Rfg1 Kh8 29. Qg4 Qxg4 30. hxg4 Nf6 31. Rd2 Ne4 32. Rd5 f6 33. Rgd1 fxe5 34. f5 Nf6 35. Kg3 Nxd5 36. Rxd5 Rb7 37. Kf3 Kg8 38. Ke4 Kf7 39. Rd6 a5 40. b3 Ree7 41. Rc6 Re8 42. Bc1 Ree7 43. Bb2 Re8 44. Bc3 Kg8 45. Rg6 Kf7 46. Bb2 Kf8 47. f6 gxf6 48. Rxf6+ Kg7 49. Rc6 Kf7 50. Rxh6 Rg8 51. Bxe5 Rxg4+ 52. Kf5 Re7 53. Rh7+ Kg8 54. Rxe7 Rg2 55. Rg7+ Rxg7 56. Bxg7 Kxg7 57. Ke6 Kg6 58. Kd5 Kf5 59. Kc6 Ke4 60. Kxb6 Kd4 61. Kxa5 c4 62. bxc4 Kxc4 63. Kb6 Kc3 64. a5 Kxc2 65. a6 1-0


[Site "https://www.chess.com"]

[Event "Titled Tuesday Blitz January 10 Early 2023"]
[White "Samaganova, Aleksandra"]
[Black "Cruz Ravina, Francisco Javier"]
[WhiteFideId "13800221"]
[BlackFideId "2228939"]
[WhiteElo "1856"]
[BlackElo "2411"]
[Result "1-0"]
[Round "01"]
[TimeControl "180+2"]
[Date "2023.01.10"]
[WhiteClock "0:00:20"]
[BlackClock "0:00:25"]

1. c4 g6 2. Nc3 Bg7 3. g3 d6 4. Bg2 e5 5. e3 Ne7 6. Nge2 O-O 7. O-O c5 8. d4 Nbc6 9. d5 Na5 10. b3 b6 11. Bb2 f5 12. Qc2 Rb8 13. Nb1 b5 14. Nd2 bxc4 15. bxc4 Bd7 16. Bc3 Qc7 17. Rfb1 Nb7 18. Rb2 Rfc8 19. Rab1 Nd8 20. h3 Nf7 21. Kh2 e4 22. Bxg7 Kxg7 23. Qc3+ Ne5 24. f4 exf3 25. Nxf3 Rxb2 26. Rxb2 Rb8 27. Nf4 Rxb2 28. Qxb2 Kg8 29. Nxe5 dxe5 30. Nd3 e4 31. Nf4 Kf7 32. Qh8 Qd6 33. Qxh7+ Kf8 34. Qh8+ Kf7 35. h4 Ng8 36. Qh7+ Kf8 37. Nxg6+ 1-0


[Site "https://www.chess.com"]

[Event "Titled Tuesday Blitz January 10 Early 2023"]
[White "Mohamed Anees M"]
[Black "Marcziter, Dmitrii"]
[WhiteFideId "35065815"]
[BlackFideId "13900765"]
[WhiteElo "2315"]
[BlackElo "2234"]
[Result "0-1"]
[Round "01"]
[TimeControl "180+2"]
[Date "2023.01.10"]
[WhiteClock "0:00:27"]
[BlackClock "0:00:51"]

1. b3 e5 2. Bb2 Bd6 3. e4 Nf6 4. d3 O-O 5. Nf3 Re8 6. g3 c6 7. Bg2 Bc7 8. O-O d5 9. Nbd2 a5 10. a4 Na6 11. Re1 dxe4 12. dxe4 Nc5 13. Nc4 Bg4 14. Qxd8 Raxd8 15. Nfxe5 Be6 16. f3 b5 17. axb5 cxb5 18. Nxa5 Bb6 19. Kh1 Rd2 20. Rec1 h5 21. Bc3 Rdd8 22. h4 Nfd7 23. Nec6 Rc8 24. Bb2 f6 25. Nd4 b4 26. Nxe6 Nxe6 27. Nc4 Bd4 28. Bxd4 Nxd4 29. Ra7 Nc5 30. Nd6 Ra8 31. Rc7 Red8 32. Rxc5 Rxd6 33. Rd1 Rad8 34. Rc4 Ne2 35. Rxd6 Rxd6 36. Kh2 Rd2 37. f4 Nd4 38. Kh3 Nxc2 39. e5 Ne3 40. Rc8+ Kf7 41. Bf3 g6 42. Rc7+ Kf8 43. exf6 Nf1 44. Bg2 Ne3 45. Be4 Ng4 46. Rc2 Nf2+ 47. Kg2 Nxe4+ 48. Rxd2 Nxd2 49. Kf2 Nxb3 50. Ke3 Nc5 51. Kd4 b3 52. Kc3 Kf7 0-1


[Site "https://www.chess.com"]

[Event "Titled Tuesday Blitz January 10 Early 2023"]
[White "Alfaro, William"]
[Black "Kukelko, Alexey"]
[WhiteFideId "6100457"]
[BlackFideId "14153084"]
[WhiteElo "2134"]
[BlackElo "2311"]
[Result "1/2-1/2"]
[Round "01"]
[TimeControl "180+2"]
[Date "2023.01.10"]
[WhiteClock "0:00:23"]
[BlackClock "0:00:19"]

1. e4 c5 2. Nf3 d6 3. d4 cxd4 4. Nxd4 Nf6 5. Nc3 Nc6 6. f3 e5 7. Ndb5 a6 8. Na3 Be7 9. Bg5 b5 10. Bxf6 Bxf6 11. Nd5 Kf8 12. c3 Bg5 13. Nc2 Rb8 14. Be2 g6 15. O-O Kg7 16. f4 exf4 17. Nxf4 Re8 18. Bd3 Ne5 19. Nd4 Bb7 20. Nd5 Bxd5 21. exd5 Be3+ 22. Kh1 Qg5 23. Nf3 Nxf3 24. Qxf3 Re7 25. Rae1 Rbe8 26. g3 Qe5 27. Re2 Qg5 28. h4 Qe5 29. Rfe1 Qf6 30. Kg2 Bc5 31. Qg4 h5 32. Qf3 Rxe2+ 33. Rxe2 Rxe2+ 34. Bxe2 b4 35. cxb4 Bxb4 36. Bxa6 Qxb2+ 37. Qe2 Qd4 38. Bc4 Bc5 39. Bb3 Qg1+ 40. Kh3 Qh1+ 41. Qh2 Qf3 42. Qg2 Qg4+ 43. Kh2 g5 44. hxg5 Qxg5 45. Qf3 Bd4 46. Kh3 Be5 47. Bd1 Kg6 48. Bc2+ f5 49. Bd3 Kf6 50. a4 Bc3 51. a5 Bxa5 52. Bb5 Bd2 53. Bd7 Qg4+ 54. Qxg4 hxg4+ 55. Kg2 Be3 56. Kf1 Ke5 57. Be6 Bc5 58. Kg2 Be3 59. Bf7 Bg5 60. Be6 Kf6 61. Bg8 f4 62. Be6 f3+ 63. Kf2 Bd2 64. Bxg4 Ke5 65. Bxf3 Bg5 66. g4 Bf6 67. Kg3 Bg5 68. Kh3 Kf4 69. Bg2 Ke3 70. Kg3 Kd4 71. Kf3 Kd3 72. Kf2 Kd4 73. Bf3 Ke5 74. Ke2 Kf4 75. Kf2 Bh4+ 76. Kg2 Ke3 77. Bd1 Kd2 78. Bb3 Ke3 79. Ba2 Bg5 80. Kg3 Ke4 81. Bb3 Kd4 82. Ba2 Ke5 83. Bb3 Ke4 84. Ba2 Ke3 85. Bb3 Ke4 86. Ba2 Ke3 87. Bb3 Ke4 1/2-1/2


[Site "https://www.chess.com"]

[Event "Titled Tuesday Blitz January 10 Early 2023"]
[White "Maksimenko, Viktor"]
[Black "Bobomurodova, Maftuna"]
[WhiteFideId "13710478"]
[BlackFideId "14207400"]
[WhiteElo "2196"]
[BlackElo "1946"]
[Result "1-0"]
[Round "01"]
[TimeControl "180+2"]
[Date "2023.01.10"]
[WhiteClock "0:00:47"]
[BlackClock "0:00:27"]

1. d4 Nf6 2. c4 e6 3. Nf3 Bb4+ 4. Bd2 Be7 5. Nc3 O-O 6. e4 d6 7. Bd3 b6 8. Qe2 Bb7 9. h4 c5 10. d5 Nbd7 11. dxe6 fxe6 12. Ng5 Qc8 13. Nxe6 Re8 14. Nd5 Nxd5 15. exd5 Ne5 16. Bf5 Qb8 17. f4 Nf7 18. O-O-O Bf6 19. g4 g6 20. Bc2 b5 21. g5 Bg7 22. Qh2 bxc4 23. Nxg7 Kxg7 24. Bc3+ Kg8 25. h5 Qc7 26. hxg6 hxg6 27. Bxg6 Kf8 28. Bf6 c3 29. Qh8+ Nxh8 30. Rxh8# 1-0


[Site "https://www.chess.com"]

[Event "Titled Tuesday Blitz January 10 Early 2023"]
[White "Hercegovac, Neven"]
[Black "Royal, Shreyas"]
[WhiteFideId "2839135"]
[BlackFideId "448869"]
[WhiteElo "2168"]
[BlackElo "2438"]
[Result "0-1"]
[Round "01"]
[TimeControl "180+2"]
[Date "2023.01.10"]
[WhiteClock "0:00:02"]
[BlackClock "0:00:52"]

1. d4 d5 2. Bf4 Nf6 3. e3 c5 4. c3 Nc6 5. Nd2 Bf5 6. Ngf3 e6 7. Be2 Bd6 8. Bg3 O-O 9. O-O Re8 10. Ne5 Qc7 11. Ndf3 Ne4 12. Nxc6 bxc6 13. Bxd6 Qxd6 14. dxc5 Nxc5 15. c4 Rab8 16. b3 e5 17. cxd5 cxd5 18. Rc1 Red8 19. Qd2 Ne4 20. Qa5 Rd7 21. Rfd1 Be6 22. Bb5 Rdb7 23. Bc6 Rc7 24. Ba4 Rxc1 25. Rxc1 a6 26. Rc6 Qa3 27. Qxa6 Qxa2 28. h3 Qxf2+ 29. Kh2 Qg3+ 30. Kg1 Bxh3 31. Rc2 Bg4 32. Nh2 Qxe3+ 33. Kh1 Ng3# 0-1


[Site "https://www.chess.com"]

[Event "Titled Tuesday Blitz January 10 Early 2023"]
[White "Khripachenko, Alexander"]
[Black "De Souza, Cristiano Gomes"]
[WhiteFideId "54184975"]
[BlackFideId "2151758"]
[WhiteElo "2110"]
[BlackElo "2018"]
[Result "0-1"]
[Round "01"]
[TimeControl "180+2"]
[Date "2023.01.10"]
[WhiteClock "0:00:33"]
[BlackClock "0:01:56"]

1. e4 c5 2. Nf3 d6 3. d4 cxd4 4. Nxd4 Nf6 5. Nc3 g6 6. g3 Bg7 7. Bg2 O-O 8. O-O Nc6 9. Nde2 Bd7 10. h3 Rb8 11. a4 a6 12. g4 b5 13. axb5 axb5 14. g5 Nh5 15. f4 Qc8 16. Kh2 b4 17. Nd5 e6 18. Ne3 Qc7 19. Nc4 d5 20. exd5 exd5 21. Qxd5 Ne7 22. Qd6 Qxc4 23. Qxe7 Rfe8 24. Qxd7 Rxe2 25. Qd3 Qxc2 26. Qxc2 Rxc2 27. Rb1 Re8 28. Kg1 Ng3 29. Rd1 Ree2 30. Bd5 Bf8 0-1


[Site "https://www.chess.com"]

[Event "Titled Tuesday Blitz January 10 Early 2023"]
[White "Guo, Josh"]
[Black "Maltsevskaya, Aleksandra"]
[WhiteFideId "2682427"]
[BlackFideId "24174041"]
[WhiteElo "2112"]
[BlackElo "2390"]
[Result "1-0"]
[Round "01"]
[TimeControl "180+2"]
[Date "2023.01.10"]
[WhiteClock "0:00:09"]
[BlackClock "0:00:46"]

1. e4 c5 2. Nf3 e6 3. d4 cxd4 4. Nxd4 Nc6 5. Nc3 Nf6 6. a3 d5 7. exd5 exd5 8. Be2 h6 9. O-O Bd6 10. Bf3 O-O 11. h3 Bc7 12. Ndb5 Bb8 13. Nxd5 a6 14. Nbc3 Ne5 15. Bf4 Ra7 16. Re1 Nxf3+ 17. Qxf3 Bxf4 18. Nxf4 b5 19. Rad1 Rd7 20. Rxd7 Qxd7 21. Nfd5 Nxd5 22. Qxd5 Qc7 23. Qe5 Qc6 24. Nd5 Kh8 25. Ne7 Qxc2 26. Nxc8 Rxc8 27. Re2 Qb1+ 28. Kh2 f6 29. Qe6 Rc1 30. Qxa6 Rh1+ 31. Kg3 Qg6+ 32. Kf3 Qf5+ 33. Kg3 Qg5+ 34. Kf3 Qh5+ 35. Ke3 Rd1 36. Qc8+ Kh7 37. Qc2+ f5 38. Qxd1 Qg5+ 39. f4 Qg3+ 40. Kd2 Qxf4+ 41. Ke1 b4 42. axb4 Qxb4+ 43. Qd2 Qb6 44. Rf2 Qe6+ 45. Kf1 Qe4 46. Kg1 Kg6 47. Rf1 Qc4 48. Qf2 f4 49. Qxf4 1-0


[Site "https://www.chess.com"]

[Event "Titled Tuesday Blitz January 10 Early 2023"]
[White "Yaksin, Oleg"]
[Black "Srdanovic, Jovana"]
[WhiteFideId "24105880"]
[BlackFideId "954810"]
[WhiteElo "2389"]
[BlackElo "2058"]
[Result "1-0"]
[Round "01"]
[TimeControl "180+2"]
[Date "2023.01.10"]
[WhiteClock "0:01:46"]
[BlackClock "0:02:20"]

1. d4 d5 2. Nf3 Nf6 3. c4 c6 4. Qb3 e6 5. Bg5 Be7 6. Nc3 O-O 7. e3 a6 8. Bd3 dxc4 9. Qxc4 b5 10. Qb3 c5 11. Qc2 h6 12. Bxf6 Bxf6 13. dxc5 b4 14. Ne4 Be7 15. O-O Bb7 16. Rfd1 Qc7 17. Rac1 Nc6 18. Nd6 Rad8 19. Nxb7 Qxb7 20. Be4 f5 21. Bxc6 Qxc6 22. Nd4 Qc8 23. Qc4 Rd5 24. Nxe6 1-0


[Site "https://www.chess.com"]

[Event "Titled Tuesday Blitz January 10 Early 2023"]
[White "Lakshmi C"]
[Black "Pajeken, Jakob Leon"]
[WhiteFideId "25035347"]
[BlackFideId "12942839"]
[WhiteElo "1928"]
[BlackElo "2417"]
[Result "1-0"]
[Round "01"]
[TimeControl "180+2"]
[Date "2023.01.10"]
[WhiteClock "0:00:42"]
[BlackClock "0:00:24"]

1. e4 e5 2. Nf3 Nc6 3. Bb5 a6 4. Ba4 Be7 5. O-O Nf6 6. Re1 b5 7. Bb3 d6 8. c3 O-O 9. h3 Na5 10. Bc2 c5 11. d4 Qc7 12. d5 Nd7 13. Nbd2 Nb6 14. Nf1 f5 15. exf5 Bxf5 16. Ne3 Bxc2 17. Qxc2 Nac4 18. Rd1 Qd7 19. b3 Nxe3 20. Bxe3 Rf7 21. Nh2 Raf8 22. c4 Bh4 23. Rd2 Qf5 24. Qxf5 Rxf5 25. Nf3 Rxf3 26. gxf3 bxc4 27. Rc1 cxb3 28. axb3 Rxf3 29. Ra1 c4 30. Bxb6 cxb3 31. Be3 e4 32. Rxa6 Bf6 33. Rxd6 Bc3 34. Rd1 Rxh3 35. Rb6 b2 36. d6 1-0


[Site "https://www.chess.com"]

[Event "Titled Tuesday Blitz January 10 Early 2023"]
[White "Ashraf, Artin"]
[Black "Sovetbekova, Nurai"]
[WhiteFideId "22514805"]
[BlackFideId "13801910"]
[WhiteElo "2314"]
[BlackElo "1764"]
[Result "1-0"]
[Round "01"]
[TimeControl "180+2"]
[Date "2023.01.10"]
[WhiteClock "0:00:08"]
[BlackClock "0:00:07"]

1. e4 c5 2. Nf3 d6 3. d4 cxd4 4. Nxd4 Nf6 5. Nc3 a6 6. Bg5 e6 7. f4 Be7 8. Qe2 h6 9. Bh4 Nxe4 10. Bxe7 Nxc3 11. Qc4 Kxe7 12. Qxc3 Bd7 13. O-O-O Qb6 14. Re1 Kf8 15. Bd3 Nc6 16. Nxc6 Qxc6 17. Qd2 Rc8 18. Rhf1 Qc5 19. g4 h5 20. f5 e5 21. g5 Bb5 22. Kb1 Bxd3 23. Qxd3 Ke7 24. f6+ gxf6 25. Rxf6 Rhf8 26. Qf5 Qd4 27. g6 Qd2 28. Rc1 Qh6 29. Rxf7+ Rxf7 30. Qxf7+ Kd8 31. g7 1-0


[Site "https://www.chess.com"]